Map: Central Protocol

Players

Clawboy

  • Race: Terran Terran
  • League: Platinum

PiLloWLavA - Winner!

  • Race: Protoss Protoss
  • League: Gold

VOD

Have the link to the VOD?

Description

Time

  • Played on: Jan. 6, 2016, 5:23 a.m.
  • Length: 7:39
Show
View Real Time Build Order
Export as new Build Order

Clawboy Terran 

Build Orders:  

Get SALT Encoding   

  12  0:01  SCV  
  13  0:13  SCV  
  14  0:23  Supply Depot  
  14  0:27  Refinery  
  14  0:29  SCV  
  15  0:46  Barracks  
  15  0:49  SCV  
  16  1:02  SCV  
  17  1:07  Barracks  
  17  1:16  SCV  
  18  1:38  Reaper  
  18  1:39  SCV  
  20  1:46  Supply Depot  
  20  1:50  Barracks  
  20  1:56  Barracks  
  20  2:02  Reaper  
  21  2:12  Reaper  
  22  2:18  Refinery  
  22  2:26  SCV  
  23  2:34  Reaper  
  24  2:54  Reaper  
  24  2:55  Barracks Tech Lab  
  25  3:06  Barracks Tech Lab  
  25  3:07  Barracks Reactor  
  25  3:13  Orbital Command  
  25  3:17  Supply Depot  
  25  3:19  Engineering Bay  
  24  3:52  Reaper x2, Marine  
  24  3:53  Marauder x2  
  24  3:54  SCV  
  32  4:06  SCV  
  33  4:10  Marine  
  33  4:28  Marauder, Reaper x2, Marine x2  
  39  4:36  Missile Turret  
  39  4:38  Missile Turret  
  35  4:46  Marauder, Marine  
  35  4:49  Marine  
  36  4:59  Marine  
  29  5:16  SCV  
  29  5:20  Missile Turret  
  27  5:27  Marine x2  
  20  5:50  Orbital Command  
  17  6:17  SCV  
  12  6:51  Marine x2  
Show
View Real Time Build Order
Export as new Build Order

PiLloWLavA Protoss - Winner!

Build Orders:  

Get SALT Encoding   

  12  0:02  Probe (Chrono Boost)  
  13  0:13  Probe (Chrono Boost)  
  14  0:19  Pylon  
  14  0:24  Probe (Chrono Boost)  
  15  0:37  Probe (Chrono Boost)  
  15  0:39  Gateway  
  16  0:47  Assimilator  
  17  0:50  Probe (Chrono Boost)  
  17  1:00  Probe (Chrono Boost)  
  17  1:02  Assimilator  
  18  1:13  Probe (Chrono Boost)  
  19  1:24  Probe (Chrono Boost)  
  20  1:27  Cybernetics Core  
  20  1:29  Pylon  
  20  1:39  Probe (Chrono Boost)  
  21  1:49  Probe (Chrono Boost)  
  22  2:00  Probe (Chrono Boost)  
  23  2:05  Stargate  
  23  2:07  Warp Gate (Chrono Boost)  
  24  2:17  Mothership Core  
  25  2:23  Pylon  
  23  2:49  Void Ray (Chrono Boost)  
  26  2:55  Probe  
  27  3:16  Pylon  
  27  3:20  Pylon  
  31  3:27  Void Ray (Chrono Boost)  
  30  4:02  Gateway  
  30  4:03  Gateway  
  26  4:30  Stalker  
  23  5:51  Stalker  
  23  5:52  Stalker  
  11  6:38  Probe  
  11  6:50  Probe  
  12  7:02  Probe  
  13  7:14  Probe  
  14  7:15  Pylon  
  14  7:17  Pylon  
  14  7:26  Probe  
Tags
 
Add a new tag
Caveats
  • Supply blocks, unpowered buildings, or Contaminate may cause inaccurate times.
  • Supply counts are checked every 10 seconds.